 Dungeon Crawl Stone Soup version 0.19-a0-1216-g363869b (webtiles) character file.

214 inmateoo the Insei (level 5, -3/37 HPs)
             Began as a Vine Stalker Transmuter on Aug 23, 2016.
             Killed by divine providence
             ... invoked by an orc priest
              (9 damage)
             ... on level 3 of the Dungeon.
             The game lasted 00:02:16 (1772 turns).

inmateoo the Insei (Vine Stalker Transmuter)        Turns: 1772, Time: 00:02:17

Health: -3/37      AC: 22    Str: 13    XL:     5   Next: 91%
Magic:  0/9        EV:  2    Int: 13    God:
Gold:   164        SH:  0    Dex: 15    Spells: 3 memorised, 2 levels left

rFire  . . .     SeeInvis .       - Unarmed
rCold  . . .     Gourm    .     (armour currently unavailable)
rNeg   + + +     Faith    .     (no shield)
rPois  +         Spirit   +     (helmet currently unavailable)
rElec  .         Dismiss  .     (cloak currently unavailable)
rCorr  .         Reflect  .     (gloves currently unavailable)
MR     .....     Harm     .     (boots currently unavailable)
Stlth  +......... NoTele   +    (no amulet)
                                (no ring)
                                (no ring)

@: tree-form
A: (fangs 0), regeneration 1, magic shield, (antimagic bite), no device heal 3,
rot immunity
a: no special abilities


You were on level 3 of the Dungeon.
You were hungry.
You were a tree.
You visited 1 branch of the dungeon, and saw 3 of its levels.

You collected 164 gold pieces.

Inventory:

Missiles
 a - 36 arrows
Armour
 q - a +0 cloak (melded)
 t - a cursed +0 robe (melded)
Scrolls
 b - a scroll of random uselessness {unknown}
 e - 2 scrolls of identify {unknown}
 h - a scroll of recharging {unknown}
 k - 2 scrolls of amnesia {unknown}
 l - 2 scrolls of immolation {unknown}
 n - a scroll of noise {unknown}
 p - 2 scrolls of enchant armour {unknown}
 s - a scroll of remove curse {unknown}
Potions
 f - a potion of cure mutation {unknown}
 j - a potion of heal wounds {unknown}
 m - a potion of curing {unknown}
 o - a potion of might {unknown}
 r - 2 potions of haste {unknown}
 u - a potion of degeneration {unknown}
Books
 c - a book of Changes

   Spells                             Type                      Level
   a - Beastly Appendage              Transmutation                1
   b - Sticks to Snakes               Transmutation                2
   c - Spider Form                    Transmutation/Poison         3
   d - Ice Form                       Ice/Transmutation            4
   e - Blade Hands                    Transmutation                5
Comestibles
 d - 3 bread rations
 g - 2 meat rations


   Skills:
 - Level 1.0 Fighting
 + Level 2.7 Dodging
 * Level 5.4 Unarmed Combat
 - Level 2.3 Spellcasting
 - Level 2.3 Transmutations


You had 2 spell levels left.
You knew the following spells:

 Your Spells              Type           Power        Failure   Level  Hunger
a - Beastly Appendage     Tmut           #.....       12%         1    #......
b - Sticks to Snakes      Tmut           #.......     17%         2    ###....
c - Spider Form           Tmut/Pois      #.........   52%         3    ###....


Dungeon Overview and Level Annotations

Branches:
Dungeon (3/15)

Altars:
Yredelemnul
The Shining One


Innate Abilities, Weirdness & Mutations

((You have extremely sharp teeth.))
Your natural rate of healing is unusually fast.
When hurt, damage is shared between your health and your magic reserves.
((Your bite disrupts and absorbs the magic of your enemies.))
Potions and wands cannot restore your health.
You are immune to rotting.


Message History

You hit the orc priest but do no damage.
You feel less woody.
Your +0 cloak unmelds from your body.
Your cursed +0 robe unmelds from your body.
The orc priest hits you but does no damage.
Unknown command.
You turn into a tree.
Your +0 cloak melds into your body.
Your cursed +0 robe melds into your body.
Your roots penetrate the ground.
The orc priest hits you but does no damage.
Unknown command.
You barely miss the orc priest.
You smack the orc priest!
The orc priest is heavily wounded.
The orc priest hits you but does no damage.
You smack the orc priest!
You kill the orc priest!
The orc priest invokes the aid of Beogh against you.
Beogh smites you!
You die...

.. .. .# ...
######.##.##.
.......S....
#.#...#... #...#..#
#g#....#
..##########
#.##.#.#
......†♣)oS###.##.#
# .
..########w....##.#
. #..##.##.# #.
#..o.....####..
##.##..........
#.##....#.##.#
.#.....###.#.#
###...##


##Sro #..... ##.#.# You could see an orc priest, an adder and a dart slug.

Vanquished Creatures
  2 orc priests (D:3)
  A hound (D:3)
  Ijyb (D:2)
  An orc wizard (D:3)
  3 adders (D:3)
  An ooze (D:1)
  2 dart slugs
  An orc (D:3)
  3 bats
  11 goblins
  2 hobgoblins (D:1)
  4 jackals (D:2)
  3 giant newts (D:2)
  4 kobolds
  7 rats
46 creatures vanquished.

Notes
Turn   | Place    | Note
-------+----------+-------------------------------------------
     0 | D:1      | inmateoo the Vine Stalker Transmuter began the quest for the Orb.
     0 | D:1      | Reached XP level 1. HP: 9/9 MP: 4/4
   172 | D:1      | Reached XP level 2. HP: 9/14 MP: 4/6
   570 | D:2      | Reached skill level 1 in Fighting
   641 | D:2      | Reached XP level 3. HP: 18/18 MP: 7/7
   963 | D:2      | Learned a level 2 spell: Sticks to Snakes
   967 | D:2      | Learned a level 3 spell: Spider Form
  1038 | D:2      | Noticed Ijyb
  1081 | D:2      | Killed Ijyb
  1081 | D:2      | Reached skill level 4 in Unarmed Combat
  1081 | D:2      | Gained mutation: Your natural rate of healing is unusually fast. [Vine Stalker growth]
  1081 | D:2      | Reached XP level 4. HP: 7/22 MP: 8/8
  1363 | D:2      | Found a basalt altar of Yredelemnul.
  1406 | D:2      | Found a glowing golden altar of the Shining One.
  1689 | D:2      | Noticed an angel
  1753 | D:3      | Reached XP level 5. HP: 7/25 MP: 1/9
  1762 | D:3      | Reached skill level 5 in Unarmed Combat
  1772 | D:3      | Killed from afar by an orc priest

Vault maps used:
D:1:      shiori_shiawase
D:2:      kennysheep_goblin_castle, grunt_temple_overflow_holy_war,
          minmay_misc_feat_doors, small_statue_intersection
D:3:      kennysheep_generic_room_8, uniq_grinder

Skill      XL: |  1  2  3  4  5 |
---------------+----------------+-----
Fighting       | 1 |  1.0
Dodging        | 2 |  2.7
Unarmed Combat | 4 5 |  5.4
Spellcasting   | |  2.3
Transmutations | |  2.3

Action                   |  1- 3 |  4- 6 || total
-------------------------+-------+-------++-------
Melee: Unarmed           |    88 |    58 ||   146
       Bite              |    24 |     2 ||    26
       Punch             |     1 |     1 ||     2
  Use: Potion            |       |     2 ||     2
 Stab: Sleeping          |     1 |       ||     1
  Eat: Chunk             |       |     2 ||     2
Armor: Robe              |    10 |     6 ||    16
       Skin              |       |    25 ||    25
Dodge: Dodged            |    58 |    25 ||    83
